 Dungeon Crawl Stone Soup version 0.23-a0-767-gdc19b93d68 (webtiles) character file.

319 Hercules1031 the Skirmisher (level 6, 0/67 HPs)
             Began as an Ogre Fighter on Jan 20, 2019.
             Slain by a worker ant (1 damage)
             ... on level 4 of the Dungeon.
             The game lasted 00:09:29 (5051 turns).

Hercules1031 the Skirmisher (Ogre Fighter)          Turns: 5051, Time: 00:09:30

Health: 0/67       AC:  7    Str: 23    XL:     6   Next: 46%
Magic:  6/6        EV: 11    Int:  9    God:
Gold:   158        SH:  0    Dex:  8    Spells: 5/5 levels left

rFire    . . .     SeeInvis .   p - +0 giant spiked club
rCold    . . .     Gourm    .   (shield currently unavailable)
rNeg     . . .     Faith    .   b - +1 robe
rPois    .         Spirit   .   (helmet restricted)
rElec    .         Reflect  .   f - +2 cloak
rCorr    .         Harm     .   (gloves unavailable)
MR       .....                  (boots unavailable)
Stlth    +.........             (no amulet)
HPRegen  0.21/turn              (no ring)
MPRegen  0.10/turn              (no ring)

@: lethally poisoned (0 -> -1)
A: large, unfitting armour, tough skin 1
a: no special abilities


You were on level 4 of the Dungeon.
You were not hungry.

You visited 1 branch of the dungeon, and saw 4 of its levels.

You collected 158 gold pieces.

Inventory:

Hand Weapons
 a - a +0 flail
 d - a +4 quarterstaff of chaos
 n - a +5 spear
 o - a +0 spear of venom
 p - a +0 giant spiked club (weapon)
Armour
 b - a +1 robe (worn)
 c - a +0 shield
 f - a +2 cloak (worn)
Scrolls
 g - a scroll of fog {unknown}
 h - 4 scrolls of identify
 i - a scroll of amnesia
 j - a scroll of remove curse
 k - 3 scrolls of noise
 l - a scroll of fear {unknown}
 m - a scroll of enchant weapon {unknown}


   Skills:
 + Level 5.7 Fighting
 * Level 4.4 Maces & Flails
 + Level 3.8 Dodging
 - Level 2.6 Shields


You had 5 spell levels left.
You didn't know any spells.
Your spell library contained the following spells:

 Spells                   Type           Power        Failure   Level  Hunger
 Confusing Touch          Hex            #.....       38%         1    ##.....
 Confuse                  Hex            #.......     77%         3    ####...
 Gell's Gravitas          Tloc           #.........   77%         3    ####...
 Petrify                  Tmut/Erth      #.......     99%         4    #####..
 Metabolic Englaciation   Hex/Ice        #.........   100%        5    ######.
 Yara's Violent Unravell  Hex/Tmut       #.........   100%        5    ######.


Dungeon Overview and Level Annotations

Branches:
Dungeon (4/15)
 Temple: D:4-7

Altars:
Okawaru
Trog
Zin


Innate Abilities, Weirdness & Mutations

You are too large for most types of armour.
You have tough skin. (AC +1)


Message History

You are poisoned.
The worker ant poisons you! The worker ant closely misses you.
You barely miss the worker ant.
You feel sick. The worker ant barely misses you. x2
You closely miss the worker ant.
You feel sick. The worker ant bites you.
* * * LOW HITPOINT WARNING * * *
The worker ant bites you.
* * * LOW HITPOINT WARNING * * *
You aren't carrying any potions.
Unknown command.
You aren't carrying any potions.
You hit the worker ant.
The worker ant is lightly wounded.
The worker ant bites you but does no damage.
The worker ant closely misses you.
You closely miss the worker ant.
The worker ant is lightly wounded.
* * * LOW HITPOINT WARNING * * *
You feel sick. The worker ant bites you.
You die...

##. ... #..###
..#.####
...#..###
.......#
##a....###
#.@.$....#
...............
###............
##.#......#.#
#####.......
....... .......
.......


You could see a worker ant.

Vanquished Creatures
  An ogre (D:4)
  Crazy Yiuf (D:3)
  3 gnolls
  6 adders
  3 worms
  4 dart slugs
  3 leopard geckos
  5 orcs
  2 ball pythons
  3 giant cockroaches
  11 goblins
  12 hobgoblins
  10 jackals
  2 quokkas (D:2)
  8 bats
  9 frilled lizards
  A jackal zombie (D:4)
  7 kobolds
  11 rats
102 creatures vanquished.

Notes
Turn   | Place    | Note
-------+----------+-------------------------------------------
     0 | D:1      | Hercules1031 the Ogre Fighter began the quest for the Orb.
     0 | D:1      | Reached XP level 1. HP: 24/24 MP: 1/1
    78 | D:1      | Reached XP level 2. HP: 10/32 MP: 2/2
   521 | D:1      | Reached XP level 3. HP: 37/40 MP: 3/3
  1497 | D:2      | Reached XP level 4. HP: 33/49 MP: 4/4
  2820 | D:2      | Reached skill level 5 in Fighting
  2880 | D:2      | Reached XP level 5. HP: 57/57 MP: 5/5
  3448 | D:2      | Found a bloodstained altar of Trog.
  4182 | D:3      | Found an iron altar of Okawaru.
  4605 | D:3      | Found a runed door.
  4644 | D:3      | Found a glowing silver altar of Zin.
  4794 | D:3      | Noticed Crazy Yiuf
  4800 | D:3      | Killed Crazy Yiuf
  4929 | D:4      | Noticed an ogre
  4938 | D:4      | Killed an ogre
  4938 | D:4      | Reached XP level 6. HP: 67/67 MP: 6/6
  5049 | D:4      | HP: 1/67 [worker ant (5)]
  5051 | D:4      | Slain by a worker ant

Vault maps used:
D:1:      moated_graveyard_arrival
D:2:      wad_river_or_something, trog_butcher_becter
D:3:      nicolae_overflow_hidden_temple, zin_academy, first_ration,
          st_stairs_12, uniq_crazy_yiuf_cottage

Skill      XL: |  1  2  3  4  5 |
---------------+----------------+-----
Maces & Flails | 2 3 4 |  4.4
Dodging        | 3 |  3.8
Fighting       | 5 |  5.7
Shields        | |  2.6

Action                   |  1- 3 |  4- 6 || total
-------------------------+-------+-------++-------
Melee: Flail             |   132 |   222 ||   354
       Giant spiked club |       |    19 ||    19
  Use: Potion            |       |     5 ||     5
       Scroll            |       |     9 ||     9
  Eat: Ration            |     1 |     3 ||     4
       Chunk             |       |     2 ||     2
Armor: Robe              |    37 |    73 ||   110
Dodge: Dodged            |    59 |   116 ||   175
Block: Shield            |    58 |   102 ||   160

Table legend:
 A = Non-vault XP
 B = Vault XP
 C = Vault XP percentage of total XP
 D = Non-vault monster count
 E = Vault monster count
 F = Vault count percentage of total count
                 A         B        C        D         E       F
            +---------+---------+-------+---------+---------+-------
      Total |     381 |      76 |  16.6 |      87 |      15 |  14.7
            +---------+---------+-------+---------+---------+-------
        D:1 |      80 |       0 |   0.0 |      29 |       0 |   0.0
        D:2 |     106 |      32 |  23.2 |      30 |      13 |  30.2
        D:3 |      56 |      44 |  44.0 |      23 |       2 |   8.0
        D:4 |     139 |       0 |   0.0 |       5 |       0 |   0.0
            +---------+---------+-------+---------+---------+-------
